General information
			
			
        
        - name: GAME FOR NOOBS!!!!
 
        - type: Custom game
 
        - host: AsianSensation
 
        - saver: Blahsmack
 
        
map: GoldRush 
        - players: 8
 
        - length: 72:53
 
        - speed: Fast
 - version: 1.22 W3XP
 - replay type:  Public
 
» download(236 KB)
Players
        team 1 (loser) 
              
              
AsianSensation (
purple | 61 APM | 210 actions | 03:28)
              
 1 Mountain King 
 1 Storm Bolt
 
                » actions 
                
                | Build / train | 12 |  | 
| Enter build submenu | 6 |  | 
| Enter hero's abilities submenu | 1 |  | 
| Right click | 91 |  | 
| Select / deselect | 88 |  | 
| Use ability | 12 |  | 
                210 total
 » units 
                » buildings
                
                | Altar of Kings | 1 |  | 
| Farm | 4 |  | 
| Arcane Vault | 1 |  | 
                6 total
 » build order
                00:02 Altar of Kings
00:03 Farm
00:40 Arcane Vault
01:08 Farm
01:47 Farm
01:48 Farm
» items
                
                | Scroll of Regeneration | 2 |  | 
| Lesser Clarity Potion | 1 |  | 
                3 total
  
               
              
              
bobbyjy (
green | 36 APM | 125 actions | 03:30)
              
                » actions 
                
                | Basic commands | 1 |  | 
| Build / train | 6 |  | 
| Enter build submenu | 4 |  | 
| Right click | 61 |  | 
| Select / deselect | 49 |  | 
| Use ability | 4 |  | 
                125 total
 » units 
                » buildings
                
                | Altar of Storms | 1 |  | 
| Orc Burrow | 2 |  | 
                3 total
 » build order
                00:25 Altar of Storms
00:38 Orc Burrow
01:34 Orc Burrow
 
               team 2 (loser) 
              
              
OrigamiAsian (
red | 26 APM | 809 actions | 31:13)
              
 1 Paladin 
 1 Divine Shield
 
                » actions 
                
                | Build / train | 79 |  | 
| Enter build submenu | 61 |  | 
| Enter hero's abilities submenu | 1 |  | 
| Give item / drop item | 1 |  | 
| Remove unit from queue | 6 |  | 
| Right click | 313 |  | 
| Select / deselect | 290 |  | 
| Use ability | 58 |  | 
                809 total
 » units 
                
                | Peasant | 22 |  | 
| Dragonhawk Rider | 5 |  | 
| Gryphon Rider | 11 |  | 
                38 total
 » upgrades
                
                | Swords | 1 |  | 
| Plating | 1 |  | 
| Lumber Harvesting | 2 |  | 
| Masonry | 3 |  | 
| Cloud | 1 |  | 
| Storm Hammers | 1 |  | 
| Defend | 0 |  | 
| Long Rifles | 0 |  | 
| Animal War Training | 0 |  | 
| Armor | 3 |  | 
| Gunpowder | 3 |  | 
                15 total
 » buildings
                
                | Altar of Kings | 1 |  | 
| Farm | 29 |  | 
| Lumber Mill | 1 |  | 
| Barracks | 1 |  | 
| Keep | 1 |  | 
| Blacksmith | 1 |  | 
| Gryphon Aviary | 1 |  | 
| Castle | 1 |  | 
| Arcane Vault | 1 |  | 
| Scout Tower | 13 |  | 
| Guard Tower | 9 |  | 
| Town Hall | 1 |  | 
                60 total
 » build order
                00:25 Altar of Kings
01:15 Farm
01:25 Farm
01:53 Farm
02:25 Lumber Mill
02:44 Barracks
03:24 Farm
03:28 Keep
03:48 Farm
04:10 Farm
04:40 Farm
05:09 Farm
05:47 Farm
06:02 Farm
06:33 Farm
06:46 Blacksmith
07:56 Gryphon Aviary
08:38 Castle
08:57 Arcane Vault
10:58 Farm
11:49 Scout Tower
12:06 Scout Tower
12:15 Scout Tower
12:47 Scout Tower
13:08 Scout Tower
13:24 Scout Tower
13:41 Guard Tower
14:27 Farm
14:52 Farm
15:22 Farm
15:42 Farm
16:02 Farm
16:19 Farm
16:36 Farm
17:05 Farm
17:18 Farm
17:42 Farm
17:58 Farm
18:30 Farm
18:52 Farm
19:15 Farm
19:29 Farm
20:15 Guard Tower
22:22 Town Hall
22:43 Farm
23:01 Farm
24:58 Scout Tower
25:15 Scout Tower
25:30 Guard Tower
25:39 Scout Tower
25:42 Guard Tower
26:14 Guard Tower
26:19 Scout Tower
26:34 Guard Tower
26:45 Scout Tower
27:24 Guard Tower
27:28 Scout Tower
27:53 Guard Tower
29:56 Scout Tower
30:30 Guard Tower
» items
                
                | Mechanical Critter | 1 |  | 
| Ivory Tower | 7 |  | 
                8 total
  
               
              
              
Jdub402 (
blue | 15 APM | 509 actions | 33:06)
              
 1 Priestess of the Moon 
 1 Trueshot Aura
 2 Firelord 
 1 Summon Lava Spawn
 1 Incinerate
 1 Paladin 
 1 Devotion Aura
 
                » actions 
                
                | Assign group hotkey | 1 |  | 
| Build / train | 84 |  | 
| ESC pressed | 1 |  | 
| Enter build submenu | 34 |  | 
| Enter hero's abilities submenu | 4 |  | 
| Remove unit from queue | 1 |  | 
| Right click | 118 |  | 
| Select / deselect | 230 |  | 
| Select group hotkey | 1 |  | 
| Use ability | 35 |  | 
                509 total
 » units 
                » upgrades
                
                | Strength of the Moon | 2 |  | 
| Moon Armor | 2 |  | 
| Improved Bows | 1 |  | 
                5 total
 » buildings
                
                | Ancient of War | 3 |  | 
| Moon Well | 11 |  | 
| Altar of Elders | 1 |  | 
| Tree of Ages | 1 |  | 
| Hunter's Hall | 3 |  | 
| Ancient Protector | 2 |  | 
| Ancient of Lore | 1 |  | 
| Ancient of Wind | 2 |  | 
| Tree of Eternity | 1 |  | 
| Tree of Life | 3 |  | 
| Chimaera Roost | 1 |  | 
| Ancient of Wonders | 1 |  | 
                30 total
 » build order
                00:41 Ancient of War
01:13 Moon Well
01:59 Moon Well
02:16 Altar of Elders
02:24 Moon Well
04:58 Tree of Ages
05:22 Ancient of War
06:38 Hunter's Hall
07:59 Ancient Protector
08:04 Ancient Protector
08:26 Moon Well
09:09 Moon Well
09:26 Moon Well
10:54 Ancient of Lore
11:09 Ancient of Wind
15:37 Ancient of Wind
15:54 Tree of Eternity
17:38 Tree of Life
17:59 Hunter's Hall
18:29 Chimaera Roost
20:13 Moon Well
20:19 Moon Well
20:25 Moon Well
23:27 Ancient of Wonders
23:59 Tree of Life
24:05 Moon Well
27:59 Tree of Life
29:27 Hunter's Hall
29:33 Moon Well
30:32 Ancient of War
 
               team 3 (loser) 
              
              
» 
Sykwun (
teal | 45 APM | 2187 actions | 48:54)
              
 10 Priestess of the Moon 
 3 Searing Arrows
 3 Trueshot Aura
 1 Starfall
 3 Scout
 
                » actions 
                
                | Assign group hotkey | 15 |  | 
| Build / train | 120 |  | 
| Enter build submenu | 33 |  | 
| Enter hero's abilities submenu | 10 |  | 
| Remove unit from queue | 1 |  | 
| Right click | 994 |  | 
| Select / deselect | 719 |  | 
| Select group hotkey | 222 |  | 
| Use ability | 73 |  | 
                2187 total
 » units 
                
                | Wisp | 21 |  | 
| Archer | 6 |  | 
| Chimaera | 9 |  | 
| Glaive Thrower | 28 |  | 
| Huntress | 13 |  | 
| Hippogryph | 8 |  | 
                85 total
 » upgrades
                
                | Improved Bows | 1 |  | 
| Strength of the Moon | 3 |  | 
| Marksmanship | 1 |  | 
| Corrosive Breath | 1 |  | 
| Vorpal Blades | 1 |  | 
| Sentinel | 1 |  | 
| Upgrade Moon Glaive | 1 |  | 
| Strength of the Wild | 2 |  | 
| Moon Armor | 3 |  | 
| Reinforced Hides | 3 |  | 
| Ultravision | 1 |  | 
| Well Spring | 1 |  | 
| Hippogryph Taming | 1 |  | 
                20 total
 » buildings
                
                | Ancient of War | 4 |  | 
| Altar of Elders | 1 |  | 
| Moon Well | 8 |  | 
| Tree of Ages | 1 |  | 
| Ancient of Wind | 1 |  | 
| Ancient of Wonders | 1 |  | 
| Hunter's Hall | 1 |  | 
| Tree of Eternity | 1 |  | 
| Ancient Protector | 1 |  | 
| Chimaera Roost | 2 |  | 
| Tree of Life | 2 |  | 
| Ancient of Lore | 1 |  | 
                24 total
 » build order
                00:08 Ancient of War
00:13 Altar of Elders
00:46 Moon Well
02:06 Moon Well
03:06 Tree of Ages
03:55 Moon Well
04:52 Moon Well
05:33 Ancient of Wind
05:53 Ancient of Wonders
06:14 Hunter's Hall
07:25 Tree of Eternity
07:31 Ancient Protector
08:10 Moon Well
09:16 Moon Well
10:13 Moon Well
11:41 Chimaera Roost
12:20 Chimaera Roost
12:53 Tree of Life
14:35 Moon Well
17:48 Ancient of Lore
19:06 Tree of Life
19:41 Ancient of War
39:44 Ancient of War
39:46 Ancient of War
 
               
              
              
jdzbgrlz.fcz (
yellow | 24 APM | 1731 actions | 72:45)
              
 5 Mountain King 
 3 Thunder Clap
 2 Bash
 5 Blood Mage 
 3 Flame Strike
 2 Siphon Mana
 
                » actions 
                
                | Assign group hotkey | 13 |  | 
| Basic commands | 72 |  | 
| Build / train | 178 |  | 
| ESC pressed | 10 |  | 
| Enter build submenu | 47 |  | 
| Enter hero's abilities submenu | 10 |  | 
| Remove unit from queue | 4 |  | 
| Right click | 666 |  | 
| Select / deselect | 569 |  | 
| Select group hotkey | 44 |  | 
| Use ability | 117 |  | 
                1731 total
 » units 
                
                | Peasant | 25 |  | 
| Footman | 7 |  | 
| Priest | 2 |  | 
| Spell Breaker | 1 |  | 
| Rifleman | 3 |  | 
| Flying Machine | 56 |  | 
| Mortar Team | 1 |  | 
| Archer | 15 |  | 
| Huntress | 4 |  | 
| Wisp | 27 |  | 
                141 total
 » upgrades
                
                | Defend | 1 |  | 
| Masonry | 2 |  | 
| Lumber Harvesting | 2 |  | 
| Plating | 3 |  | 
| Swords | 2 |  | 
| Flying Machine Bombs | 1 |  | 
| Flak Cannons | 1 |  | 
| Gunpowder | 3 |  | 
| Flare | 1 |  | 
                16 total
 » buildings
                
                | Altar of Kings | 1 |  | 
| Farm | 9 |  | 
| Barracks | 3 |  | 
| Scout Tower | 3 |  | 
| Arcane Tower | 2 |  | 
| Lumber Mill | 1 |  | 
| Keep | 1 |  | 
| Arcane Sanctum | 2 |  | 
| Arcane Vault | 1 |  | 
| Town Hall | 3 |  | 
| Blacksmith | 2 |  | 
| Castle | 1 |  | 
| Workshop | 3 |  | 
| Moon Well | 12 |  | 
| Tree of Life | 5 |  | 
| Ancient of War | 7 |  | 
| Hunter's Hall | 2 |  | 
| Altar of Elders | 1 |  | 
| Tree of Ages | 1 |  | 
| Ancient of Wind | 1 |  | 
                61 total
 » build order
                00:07 Altar of Kings
00:15 Farm
01:01 Barracks
02:10 Farm
02:17 Scout Tower
02:55 Arcane Tower
03:19 Barracks
03:24 Lumber Mill
04:19 Barracks
04:47 Scout Tower
04:51 Scout Tower
05:02 Farm
05:02 Farm
05:04 Farm
05:18 Arcane Tower
06:08 Keep
07:10 Farm
08:32 Arcane Sanctum
09:44 Arcane Sanctum
10:46 Arcane Vault
12:36 Town Hall
13:00 Farm
13:01 Farm
13:06 Farm
13:25 Town Hall
15:14 Blacksmith
15:17 Castle
18:14 Workshop
19:35 Town Hall
22:00 Blacksmith
22:35 Workshop
22:38 Workshop
52:30 Moon Well
52:31 Moon Well
52:32 Moon Well
52:33 Moon Well
54:15 Tree of Life
54:49 Ancient of War
54:51 Ancient of War
54:52 Ancient of War
54:53 Ancient of War
54:57 Moon Well
54:58 Moon Well
54:59 Moon Well
55:01 Moon Well
56:34 Hunter's Hall
57:53 Tree of Life
58:39 Tree of Life
62:47 Ancient of War
64:13 Moon Well
65:03 Tree of Life
65:15 Altar of Elders
66:30 Moon Well
66:56 Moon Well
67:28 Tree of Ages
67:34 Ancient of War
68:33 Moon Well
69:14 Tree of Life
69:33 Hunter's Hall
72:23 Ancient of Wind
72:33 Ancient of War
 
               team 4 (winner) 
              
              
» 
Naiad (
pink | 28 APM | 265 actions | 09:22)
              
 2 Mountain King 
 1 Thunder Clap
 1 Storm Bolt
 
                » actions 
                
                | Build / train | 18 |  | 
| Enter build submenu | 11 |  | 
| Enter hero's abilities submenu | 2 |  | 
| Right click | 139 |  | 
| Select / deselect | 79 |  | 
| Use ability | 16 |  | 
                265 total
 » units 
                
                | Peasant | 7 |  | 
| Footman | 2 |  | 
| Rifleman | 5 |  | 
                14 total
 » buildings
                
                | Altar of Kings | 1 |  | 
| Farm | 4 |  | 
| Barracks | 1 |  | 
| Blacksmith | 1 |  | 
| Lumber Mill | 1 |  | 
| Arcane Vault | 1 |  | 
| Keep | 1 |  | 
                10 total
 » build order
                00:10 Altar of Kings
00:53 Farm
01:34 Farm
02:20 Barracks
03:21 Farm
03:39 Blacksmith
05:15 Lumber Mill
06:38 Farm
06:45 Arcane Vault
06:48 Keep
 
               
              
              
Blahsmack (
orange | 44 APM | 3227 actions | 72:53)
              
 9 Blood Mage 
 3 Flame Strike
 3 Siphon Mana
 1 Summon Phoenix
 2 Banish
 
                » actions 
                
                | Basic commands | 313 |  | 
| Build / train | 437 |  | 
| ESC pressed | 1 |  | 
| Enter build submenu | 77 |  | 
| Enter hero's abilities submenu | 9 |  | 
| Give item / drop item | 3 |  | 
| Remove unit from queue | 8 |  | 
| Right click | 966 |  | 
| Select / deselect | 988 |  | 
| Use ability | 425 |  | 
                3227 total
 » units 
                
                | Peasant | 62 |  | 
| Rifleman | 5 |  | 
| Dragonhawk Rider | 29 |  | 
| Gryphon Rider | 9 |  | 
| Mortar Team | 14 |  | 
| Spell Breaker | 9 |  | 
| Knight | 10 |  | 
                138 total
 » upgrades
                
                | Masonry | 3 |  | 
| Long Rifles | 2 |  | 
| Lumber Harvesting | 2 |  | 
| Magic Sentry | 1 |  | 
| Sorceress Training | 2 |  | 
| Backpack | 1 |  | 
| Swords | 3 |  | 
| Gunpowder | 3 |  | 
| Armor | 4 |  | 
| Plating | 3 |  | 
| Cloud | 1 |  | 
| Animal War Training | 1 |  | 
| Priest Training | 2 |  | 
| Control Magic | 1 |  | 
| Flak Cannons | 1 |  | 
| Flying Machine Bombs | 1 |  | 
| Flare | 1 |  | 
| Fragmentation Shards | 1 |  | 
| Barrage | 1 |  | 
| Storm Hammers | 1 |  | 
| Defend | 1 |  | 
                36 total
 » buildings
                
                | Lumber Mill | 8 |  | 
| Scout Tower | 263 |  | 
| Guard Tower | 220 |  | 
| Farm | 9 |  | 
| Altar of Kings | 1 |  | 
| Town Hall | 17 |  | 
| Arcane Vault | 1 |  | 
| Keep | 1 |  | 
| Castle | 1 |  | 
| Arcane Sanctum | 1 |  | 
| Blacksmith | 3 |  | 
| Gryphon Aviary | 2 |  | 
| Barracks | 1 |  | 
| Workshop | 2 |  | 
| Arcane Tower | 11 |  | 
                541 total
 » build order
                00:12 Lumber Mill
01:04 Scout Tower
01:06 Scout Tower
01:08 Scout Tower
01:17 Scout Tower
01:18 Scout Tower
01:33 Guard Tower
01:45 Guard Tower
01:45 Guard Tower
01:52 Scout Tower
02:11 Guard Tower
02:12 Guard Tower
02:31 Guard Tower
02:49 Scout Tower
02:53 Guard Tower
03:07 Scout Tower
03:14 Farm
03:15 Farm
03:28 Guard Tower
03:29 Guard Tower
03:40 Farm
03:50 Farm
04:01 Altar of Kings
04:18 Scout Tower
04:19 Scout Tower
04:20 Scout Tower
04:26 Lumber Mill
04:57 Scout Tower
04:58 Scout Tower
04:59 Scout Tower
06:01 Town Hall
06:07 Town Hall
06:18 Guard Tower
06:18 Guard Tower
06:33 Guard Tower
06:43 Guard Tower
06:43 Guard Tower
06:54 Guard Tower
07:25 Guard Tower
07:26 Guard Tower
07:58 Scout Tower
08:09 Scout Tower
08:11 Scout Tower
08:13 Scout Tower
08:14 Scout Tower
08:15 Scout Tower
08:16 Scout Tower
08:17 Scout Tower
08:21 Scout Tower
08:22 Scout Tower
08:23 Scout Tower
08:24 Scout Tower
08:25 Scout Tower
08:27 Scout Tower
08:28 Scout Tower
08:32 Scout Tower
08:34 Scout Tower
08:35 Scout Tower
08:37 Scout Tower
08:39 Scout Tower
08:47 Scout Tower
08:49 Scout Tower
09:18 Scout Tower
09:19 Scout Tower
09:20 Scout Tower
09:22 Scout Tower
09:24 Scout Tower
09:26 Scout Tower
10:02 Guard Tower
10:08 Scout Tower
10:10 Scout Tower
10:18 Scout Tower
10:20 Scout Tower
10:21 Scout Tower
10:25 Scout Tower
10:26 Scout Tower
10:28 Scout Tower
10:31 Scout Tower
10:32 Scout Tower
10:33 Scout Tower
10:35 Scout Tower
10:36 Scout Tower
10:38 Scout Tower
10:40 Scout Tower
10:41 Scout Tower
10:42 Scout Tower
10:44 Scout Tower
10:44 Scout Tower
10:46 Scout Tower
10:48 Scout Tower
10:50 Scout Tower
10:56 Guard Tower
10:56 Guard Tower
11:00 Guard Tower
11:17 Guard Tower
11:17 Guard Tower
11:24 Guard Tower
11:24 Guard Tower
11:31 Guard Tower
11:32 Guard Tower
11:32 Guard Tower
11:43 Guard Tower
11:43 Guard Tower
11:43 Guard Tower
11:52 Guard Tower
11:53 Guard Tower
11:53 Guard Tower
11:56 Guard Tower
11:56 Guard Tower
12:09 Guard Tower
12:10 Guard Tower
12:12 Guard Tower
12:12 Guard Tower
12:12 Guard Tower
12:17 Guard Tower
12:17 Guard Tower
12:18 Guard Tower
12:27 Guard Tower
12:27 Guard Tower
12:27 Guard Tower
12:28 Guard Tower
12:36 Lumber Mill
12:42 Guard Tower
12:42 Guard Tower
12:45 Guard Tower
12:45 Guard Tower
12:50 Guard Tower
12:50 Guard Tower
12:50 Guard Tower
12:57 Guard Tower
12:58 Guard Tower
12:58 Guard Tower
13:05 Guard Tower
13:05 Guard Tower
13:05 Guard Tower
13:15 Farm
13:15 Farm
13:17 Farm
13:27 Guard Tower
13:28 Guard Tower
13:29 Guard Tower
13:30 Guard Tower
13:30 Guard Tower
13:34 Guard Tower
13:35 Guard Tower
13:42 Guard Tower
13:42 Guard Tower
13:42 Guard Tower
13:42 Guard Tower
13:49 Guard Tower
13:50 Guard Tower
13:50 Guard Tower
14:00 Lumber Mill
14:08 Guard Tower
14:34 Lumber Mill
14:45 Guard Tower
14:46 Guard Tower
14:50 Guard Tower
14:50 Guard Tower
14:50 Guard Tower
14:51 Guard Tower
14:52 Guard Tower
14:53 Guard Tower
14:53 Guard Tower
14:56 Guard Tower
14:57 Guard Tower
14:57 Guard Tower
14:57 Guard Tower
15:05 Guard Tower
15:05 Guard Tower
15:05 Guard Tower
15:14 Scout Tower
15:15 Scout Tower
15:15 Scout Tower
15:17 Scout Tower
15:18 Scout Tower
15:19 Scout Tower
15:20 Scout Tower
15:20 Scout Tower
15:26 Guard Tower
15:26 Guard Tower
15:26 Guard Tower
15:27 Guard Tower
15:30 Guard Tower
15:30 Guard Tower
15:30 Guard Tower
15:34 Guard Tower
15:34 Guard Tower
15:35 Guard Tower
15:35 Guard Tower
15:37 Guard Tower
15:38 Guard Tower
15:38 Guard Tower
15:41 Guard Tower
15:41 Guard Tower
15:41 Guard Tower
15:44 Guard Tower
15:44 Guard Tower
15:44 Guard Tower
15:52 Guard Tower
15:52 Guard Tower
15:53 Guard Tower
15:55 Guard Tower
15:56 Guard Tower
16:01 Guard Tower
16:02 Guard Tower
16:08 Guard Tower
16:08 Guard Tower
16:49 Guard Tower
16:54 Arcane Vault
17:15 Farm
17:33 Farm
17:57 Guard Tower
17:57 Guard Tower
18:18 Scout Tower
18:23 Scout Tower
18:24 Scout Tower
18:25 Scout Tower
18:52 Guard Tower
18:56 Scout Tower
18:56 Scout Tower
19:02 Guard Tower
19:04 Keep
19:38 Town Hall
19:44 Scout Tower
19:44 Scout Tower
19:46 Scout Tower
19:47 Scout Tower
19:47 Scout Tower
19:49 Scout Tower
19:51 Scout Tower
19:54 Scout Tower
19:55 Scout Tower
19:57 Scout Tower
19:57 Scout Tower
19:59 Scout Tower
20:01 Scout Tower
20:01 Scout Tower
20:02 Scout Tower
20:03 Scout Tower
20:03 Scout Tower
20:04 Scout Tower
20:07 Scout Tower
20:08 Scout Tower
20:10 Scout Tower
20:11 Scout Tower
20:12 Scout Tower
20:14 Scout Tower
20:14 Scout Tower
20:16 Scout Tower
20:18 Scout Tower
20:18 Scout Tower
20:20 Scout Tower
20:21 Scout Tower
20:22 Scout Tower
20:22 Scout Tower
20:50 Guard Tower
20:53 Guard Tower
21:19 Town Hall
21:27 Town Hall
21:36 Scout Tower
21:37 Scout Tower
21:38 Scout Tower
21:39 Scout Tower
21:39 Scout Tower
21:40 Scout Tower
21:41 Scout Tower
21:42 Scout Tower
21:43 Scout Tower
21:44 Scout Tower
21:45 Scout Tower
21:47 Scout Tower
21:48 Scout Tower
21:49 Scout Tower
21:51 Scout Tower
21:52 Scout Tower
21:52 Scout Tower
21:54 Scout Tower
21:54 Scout Tower
21:55 Scout Tower
21:58 Scout Tower
21:59 Scout Tower
21:59 Scout Tower
22:00 Scout Tower
22:01 Scout Tower
22:23 Guard Tower
22:23 Guard Tower
22:33 Guard Tower
22:44 Guard Tower
22:44 Guard Tower
22:59 Lumber Mill
23:20 Guard Tower
23:20 Guard Tower
23:38 Guard Tower
23:50 Lumber Mill
23:54 Lumber Mill
23:59 Town Hall
24:18 Scout Tower
24:19 Scout Tower
24:20 Scout Tower
24:20 Scout Tower
24:21 Scout Tower
24:22 Scout Tower
24:23 Scout Tower
24:24 Scout Tower
24:25 Scout Tower
24:26 Scout Tower
24:26 Scout Tower
24:27 Scout Tower
24:30 Scout Tower
24:31 Scout Tower
24:32 Scout Tower
24:32 Scout Tower
24:35 Scout Tower
24:35 Scout Tower
24:37 Scout Tower
24:39 Scout Tower
24:40 Scout Tower
24:41 Scout Tower
24:42 Scout Tower
24:42 Scout Tower
24:52 Guard Tower
25:01 Castle
25:21 Arcane Sanctum
25:29 Guard Tower
25:32 Guard Tower
25:32 Guard Tower
25:32 Guard Tower
25:51 Guard Tower
25:52 Guard Tower
25:52 Guard Tower
25:56 Scout Tower
26:00 Guard Tower
26:00 Guard Tower
26:05 Guard Tower
26:05 Guard Tower
26:05 Guard Tower
26:09 Guard Tower
26:09 Guard Tower
26:19 Guard Tower
26:19 Guard Tower
26:30 Blacksmith
26:40 Blacksmith
26:47 Blacksmith
26:56 Guard Tower
28:04 Guard Tower
28:04 Guard Tower
28:10 Scout Tower
28:11 Scout Tower
28:12 Scout Tower
28:12 Scout Tower
28:13 Scout Tower
28:26 Gryphon Aviary
28:37 Gryphon Aviary
29:37 Barracks
29:48 Guard Tower
29:48 Guard Tower
30:04 Scout Tower
30:05 Scout Tower
30:06 Scout Tower
30:07 Scout Tower
30:08 Scout Tower
30:09 Scout Tower
30:11 Scout Tower
30:13 Scout Tower
30:15 Scout Tower
30:16 Scout Tower
30:17 Scout Tower
30:27 Scout Tower
30:28 Scout Tower
30:31 Scout Tower
30:38 Guard Tower
31:00 Workshop
31:06 Workshop
31:29 Guard Tower
31:32 Guard Tower
31:41 Scout Tower
31:42 Scout Tower
31:45 Scout Tower
31:46 Scout Tower
31:47 Scout Tower
31:50 Scout Tower
31:51 Scout Tower
31:51 Scout Tower
31:59 Guard Tower
31:59 Guard Tower
32:05 Town Hall
32:26 Scout Tower
32:27 Scout Tower
32:28 Scout Tower
32:30 Scout Tower
32:31 Scout Tower
32:32 Scout Tower
32:36 Scout Tower
32:38 Scout Tower
32:39 Scout Tower
32:40 Scout Tower
32:41 Scout Tower
32:42 Scout Tower
32:43 Scout Tower
32:48 Scout Tower
32:49 Scout Tower
32:54 Scout Tower
32:55 Scout Tower
32:57 Scout Tower
32:58 Scout Tower
32:59 Scout Tower
33:00 Scout Tower
33:01 Scout Tower
33:02 Scout Tower
33:06 Scout Tower
33:15 Scout Tower
33:15 Scout Tower
33:16 Scout Tower
33:18 Scout Tower
33:19 Scout Tower
33:21 Scout Tower
33:24 Scout Tower
33:25 Scout Tower
33:26 Scout Tower
33:27 Scout Tower
33:28 Scout Tower
33:29 Scout Tower
33:31 Scout Tower
33:32 Scout Tower
33:35 Scout Tower
33:35 Scout Tower
33:40 Guard Tower
34:34 Guard Tower
35:35 Guard Tower
35:50 Guard Tower
35:51 Guard Tower
36:08 Guard Tower
36:11 Guard Tower
36:11 Guard Tower
36:12 Guard Tower
36:15 Guard Tower
36:16 Guard Tower
37:52 Guard Tower
37:52 Guard Tower
43:00 Town Hall
52:45 Town Hall
56:10 Town Hall
58:07 Town Hall
64:30 Town Hall
64:46 Scout Tower
64:46 Scout Tower
64:47 Scout Tower
64:48 Scout Tower
64:49 Scout Tower
64:49 Scout Tower
64:51 Scout Tower
64:52 Scout Tower
64:52 Scout Tower
64:53 Scout Tower
64:54 Scout Tower
64:54 Scout Tower
65:00 Scout Tower
65:01 Scout Tower
65:03 Scout Tower
65:04 Scout Tower
65:05 Scout Tower
65:06 Scout Tower
65:06 Scout Tower
65:07 Scout Tower
65:08 Scout Tower
65:09 Scout Tower
65:09 Scout Tower
65:10 Scout Tower
65:12 Scout Tower
65:12 Scout Tower
65:13 Scout Tower
65:14 Scout Tower
65:14 Scout Tower
65:15 Scout Tower
65:17 Scout Tower
65:18 Scout Tower
65:19 Scout Tower
65:20 Scout Tower
65:21 Scout Tower
65:22 Scout Tower
66:41 Arcane Tower
66:56 Town Hall
67:14 Town Hall
67:33 Arcane Tower
67:44 Arcane Tower
68:06 Arcane Tower
68:23 Arcane Tower
68:24 Arcane Tower
68:41 Town Hall
70:33 Town Hall
71:12 Town Hall
72:01 Arcane Tower
72:05 Arcane Tower
72:08 Arcane Tower
» items
                
                | Orb of Fire | 1 |  | 
| Staff of Sanctuary | 1 |  | 
| Scroll of Town Portal | 1 |  | 
| Potion of Healing | 3 |  | 
| Scroll of Regeneration | 3 |  | 
                9 total
  
                Chat log
          (00:00) OrigamiAsian: D BE WITH YOU ALWTYS
(01:26 / Allies) Blahsmack: POOL ME
(01:37 / Allies) Blahsmack: LUMBER
(01:39 / Allies) Blahsmack: PLEASE
(01:41 / Allies) Blahsmack: LUMBER
(03:18 / Allies) Blahsmack: WTF
(03:20 / Allies) Blahsmack: COME HELP
(03:36 / All) Sykwun: o_)
(04:33 / Allies) Blahsmack: LUMBER?
(31:17 / All) Jdub402: wow
(31:19 / All) Jdub402: thanks
(31:20 / All) Sykwun: LOL
(32:07 / All) Jdub402: DONT ATTACK HIM
(32:16 / All) jdzbgrlz.fcz: y
(32:27 / All) Jdub402: hes my friend
(32:30 / All) Jdub402: and hes a tree
(32:43 / All) jdzbgrlz.fcz: Hes DEAD
(32:57 / All) Jdub402: DAMMIT
(33:00 / All) Jdub402: screw this
(33:01 / All) Sykwun: =[
(33:08 / All) Blahsmack: noob host
(33:10 / All) Sykwun: lol
(33:18 / All) jdzbgrlz.fcz: lol
(33:52 / All) jdzbgrlz.fcz: Now hes really DEAD
(34:53 / All) jdzbgrlz.fcz: Whats with this dumb mouse!
(35:49 / All) jdzbgrlz.fcz: k
(36:12 / All) jdzbgrlz.fcz: u give me recources k?
(36:17 / All) Blahsmack: LOL
(36:21 / All) Blahsmack: on go0ld rush?
(36:26 / All) Blahsmack: you want gold on gold rush?
(36:31 / All) Blahsmack: take a fukken mine you noob
(36:34 / All) Blahsmack: jesus christ
(36:43 / All) Blahsmack: i should just leave
(36:45 / All) Blahsmack: becuase man
(36:46 / All) Blahsmack: wow
(36:59 / All) jdzbgrlz.fcz: yeah but im gonna replace every unit with air units bitch!
(38:24 / All) jdzbgrlz.fcz: my mouse wont click
(39:02 / All) jdzbgrlz.fcz: then leave
(39:07 / All) Blahsmack: LOL
(39:07 / All) jdzbgrlz.fcz: fine with me
(40:06 / All) jdzbgrlz.fcz: BLAHSMAACK u talk too much
(41:22 / All) jdzbgrlz.fcz: skywun wait
(41:37 / All) jdzbgrlz.fcz:  
(42:13 / All) jdzbgrlz.fcz: got it coverd
(42:17 / All) jdzbgrlz.fcz: go now
(43:15 / All) jdzbgrlz.fcz: Blahsmack
(43:18 / All) Blahsmack: LOL
(43:23 / All) jdzbgrlz.fcz: dumb name
(43:31 / All) jdzbgrlz.fcz: though it siutsu
(44:49 / All) jdzbgrlz.fcz: i v got a better force comin to your hero
(45:22 / All) jdzbgrlz.fcz: need lumber
(46:19 / All) jdzbgrlz.fcz: gimme a thousand
(46:43 / All) jdzbgrlz.fcz: ill need more eventualy
(48:14 / All) jdzbgrlz.fcz: wait
(48:25 / All) jdzbgrlz.fcz: ok
(49:06 / All) Blahsmack: get out noob
(53:04 / All) jdzbgrlz.fcz: ure gonna forfiet
(53:07 / All) Blahsmack: y so noob
(53:23 / All) jdzbgrlz.fcz: yeah y so noob
(55:11 / All) jdzbgrlz.fcz: crud
(56:51 / All) jdzbgrlz.fcz: ure mean
(56:55 / All) Blahsmack: mean?
(56:59 / All) Blahsmack: i towered all game
(57:09 / All) Blahsmack: like the army ants preparing for winter
(57:16 / All) Blahsmack: and you played all day like the grass hopper
(57:19 / All) jdzbgrlz.fcz: chur problem
(57:27 / All) Blahsmack: and now is the winter of your discountent
(59:02 / All) Blahsmack: map is called gold rusha for a reason noob
(59:11 / All) Blahsmack: not sit around and mass gyros and glaives
(59:30 / All) jdzbgrlz.fcz: well i almost got u
(59:34 / All) Blahsmack: no
(59:39 / All) Blahsmack: you havent seen my bases
(59:46 / All) jdzbgrlz.fcz:   uh huh
(61:39 / All) Blahsmack: u cant hide :)
(62:19 / All) jdzbgrlz.fcz: oh drud
(62:23 / All) jdzbgrlz.fcz: crud
(64:27 / All) jdzbgrlz.fcz: I guess now im a rebelion
(64:37 / All) Blahsmack: you mean crushed
(64:40 / All) Blahsmack: LOL
(66:14 / All) jdzbgrlz.fcz: r u still there
(66:35 / All) jdzbgrlz.fcz: Hello